AoeStats
← Lordinario

Arabia

509518228Analyzed
3v3 RM · 4d ago on Sep 27, 2026· 69m 52s· 6 players
Game mode
Random Map
Map size
Normal (6 player)
Population
200
Speed
Normal
Resources
Standard
Victory
Conquest
Starting age
Dark Age
Ending age
Imperial Age
RankedLock teamsTeams togetherTeam positionsShared explorationLock speedFull tech treeHidden civsTurbo modeCheats
Victory
Defeat
🇺🇸 Huns · United States
969
+14
🇺🇸 Sicilians · United States
952
+16
🇺🇸 Poles · United States
946
+15
🇨🇱 Varangians · Chile
997
-17
🇨🇱 Magyars · Chile
923
-15
🇨🇱 Khmer · Chile
882
-13
Hidekisan
6:15 Loom
9:30 Feudal Age
9:35 Man-at-Arms
21:44 Castle Age
21:03 Double-Bit Axe
23:57 Scale Mail Armor
24:07 Forging
26:47 Chain Mail Armor
31:46 Squires
31:32 Arson
38:52 Bloodlines
38:43 Husbandry
38:51 Scale Barding Armor
39:22 Iron Casting
41:11 Wheelbarrow
40:21 Town Watch
44:18 Imperial Age
41:41 Town Watch
42:20 Fletching
42:47 Gold Mining
42:49 Stone Mining
43:24 Vendel Legacy
45:04 Gambesons
45:27 Light Cavalry
46:41 Cavalier
48:47 Bow Saw
52:25 Conscription
52:27 Horse Collar
53:58 Hussar
58:27 Pikeman
59:05 Bodkin Arrow
61:03 Halberdier
63:21 Plate Mail Armor
63:51 Blast Furnace
64:33 Chain Barding Armor
65:12 Hand Cart
65:17 Bracer
sebassepulvedac
6:15 Loom
11:46 Feudal Age
12:46 Double-Bit Axe
14:42 Town Watch
16:33 Wheelbarrow
22:58 Castle Age
22:22 Fletching
25:54 Padded Archer Armor
27:08 Bodkin Arrow
27:41 Pikeman
30:52 Thumb Ring
31:01 Scale Barding Armor
35:04 Hand Cart
36:14 Leather Archer Armor
36:07 Husbandry
36:18 Bloodlines
41:41 Corvinian Army
47:56 Imperial Age
47:06 Chain Barding Armor
46:32 Light Cavalry
47:42 Town Patrol
53:32 Halberdier
56:37 Chemistry
55:58 Ballistics
Lordinario
2:46 Loom
10:32 Feudal Age
12:41 Double-Bit Axe
15:36 Bloodlines
18:08 Horse Collar
22:48 Castle Age
21:28 Scale Barding Armor
22:02 Forging
23:56 Husbandry
28:09 Iron Casting
30:59 Chain Barding Armor
35:14 Pikeman
37:36 Wheelbarrow
37:25 Tusk Swords
44:00 Heavy Plow
46:36 Fletching
46:48 Scale Mail Armor
50:25 Imperial Age
48:36 Bodkin Arrow
50:33 Halberdier
ConfusedVillager
7:41 Loom
9:55 Feudal Age
11:05 Horse Collar
13:46 Double-Bit Axe
17:40 Bloodlines
18:09 Forging
21:29 Scale Barding Armor
24:49 Castle Age
26:23 Iron Casting
26:08 Chain Barding Armor
25:13 Light Cavalry
26:39 Husbandry
27:21 Gold Mining
28:54 Wheelbarrow
28:04 Town Watch
30:21 Stone Mining
36:42 Szlachta Privileges
38:48 Hand Cart
38:33 Town Patrol
39:42 Fletching
39:52 Padded Archer Armor
40:08 Heavy Plow
46:03 Imperial Age
43:51 Leather Archer Armor
43:31 Bodkin Arrow
45:06 Ballistics
44:57 Fortified Wall
44:45 Murder Holes
46:25 Winged Hussar
48:10 Blast Furnace
47:10 Bracer
50:27 Conscription
50:30 Lechitic Legacy
50:11 Cavalier
53:25 Crop Rotation
53:10 Bow Saw
Dysfunctionus
10:38 Feudal Age
26:15 Scale Mail Armor
30:55 Arson
34:53 Castle Age
36:26 Horse Collar
36:33 Double-Bit Axe
39:20 Heavy Plow
42:07 Bow Saw
47:47 Pikeman
49:27 Squires
50:11 Murder Holes
50:46 Forging
50:53 Chain Mail Armor
53:32 Masonry
53:40 Loom
54:31 Wheelbarrow
53:42 Town Watch
54:37 Iron Casting
55:39 Gold Mining
55:23 Man-at-Arms
62:23 Imperial Age
62:45 Light Cavalry
67:18 Scale Barding Armor
67:04 Fletching
68:28 Bloodlines
68:37 Bloodlines
jdhallstar
11:40 Feudal Age
10:27 Loom
12:07 Horse Collar
15:48 Forging
15:53 Scale Mail Armor
19:54 Scale Barding Armor
24:47 Bloodlines
27:56 Castle Age
26:33 Wheelbarrow
27:57 Light Cavalry
29:01 Chain Barding Armor
29:17 Iron Casting
29:37 Gold Mining
29:50 Heavy Plow
30:25 Husbandry
31:32 Double-Bit Axe
35:49 Gold Shaft Mining
35:07 Stone Mining
35:38 Hand Cart
44:33 Imperial Age
42:26 Masonry
42:47 Bow Saw
43:06 Chain Mail Armor
44:40 Cavalier
46:29 Blast Furnace
46:08 Plate Barding Armor
51:37 Paladin
Connection lost

Rejoining the realm…

Still unreachable

The connection could not be restored.

Session expired

The server has moved on; the page needs a fresh start.